 Dungeon Crawl Stone Soup version 0.31-a0-517-g48e1739 (webtiles) character file.

Game seed: 15319168369898144187

3672 Dorkslayer the Grappler (level 9, -2/78 (80) HPs)
             Began as a Troll Shapeshifter on Aug 10, 2023.
             Slain by a red devil
             ... wielding a +0 trident
             ... summoned by an orc high priest
              (20 damage)
             ... in a bailey.
             The game lasted 00:16:42 (4031 turns).

Dorkslayer the Grappler (Troll Shapeshifter)        Turns: 4031, Time: 00:16:44

HP:   -2/78 (80)    AC:  4    Str: 25    XL:     9   Next: 89%
MP:   8/8           EV: 11    Int:  4    God:
Gold: 514           SH:  5    Dex: 14    Spells: 8/8 levels left

rFire   . .          .
                       - Unarmed
rCold   . . .        (no shield)
rNeg    . . .        a - +0 animal skin
rPois   .            (helmet currently unavailable)
rElec   .            (cloak currently unavailable)
rCorr   .            (gloves unavailable)
SInv    .            (boots unavailable)
Will    .....        j - amulet of reflection
Stlth   ++           (no ring)
HPRegen 1.13/turn    (no ring)
MPRegen 0.11/turn

%: reflection
@: beast-form, spiked, lightly drained
A: beast (slay +2), large, unfitting armour, claws 3, regeneration 1, shaggy fur
1, tough skin 1
a: Begin Untransformation


You were in a bailey.
You were a hulking beast.
You visited 1 branch of the dungeon, and saw 7 of its levels.
You also visited: Sewer and Bailey.

You collected 514 gold pieces.

Inventory:

Missiles
 h - 6 darts of dispersal
 m - 2 throwing nets
 n - 2 curare-tipped darts (quivered)
 t - 11 boomerangs
 u - 3 javelins
Armour
 a - a +0 animal skin (worn)
 e - a +0 cloak
Jewellery
 j - an amulet of reflection (around neck)
Talismans
 c - a beast talisman (active)
 d - a flux talisman
 l - a maw talisman
 r - a blade talisman
Wands
 i - a wand of mindburst (11)
Scrolls
 o - a scroll of butterflies {unknown}
 w - a scroll of enchant weapon
 y - a scroll of immolation
 A - a scroll of vulnerability {unknown}
Potions
 b - 2 potions of lignification
 f - 2 potions of brilliance
 g - 7 potions of curing
 k - a potion of invisibility {unknown}
 q - 4 potions of magic
 s - a potion of might {unknown}
 v - a potion of ambrosia {unknown}
 x - a potion of resistance {unknown}
 z - a potion of heal wounds


   Skills:
 + Level 2.3 Fighting
 * Level 4.8 Throwing
 + Level 4.2 Dodging
 + Level 1.9 Stealth
 + Level 2.1 Shields
 + Level 9.3 Unarmed Combat
 * Level 3.9 Evocations
 + Level 4.3 Shapeshifting


You had 8 spell levels left.
You didn't know any spells.
Your spell library contained the following spells:

 Spells                   Type           Power      Damage    Failure   Level
 Shock                    Conj/Air       0%         1d3       50%         1
 Poisonous Vapours        Pois/Air       0%         N/A       65%         2
 Dazzling Flash           Conj/Hex       0%         N/A       86%         3
 Mephitic Cloud           Conj/Pois/Air  0%         N/A       86%         3
 Swiftness                Air            0%         N/A       86%         3
 Airstrike                Air            0%         2d(0-16)  99%         4
 Agony                    Necr           0%         N/A       100%        5
 Freezing Cloud           Conj/Ice/Air   0%         6-21      100%        5
 Silence                  Hex/Air        0%         N/A       100%        5


Dungeon Overview and Level Annotations

Branches:
Dungeon (7/15)              Sewer (visited)          Bailey (1/1)
 Temple: D:4-7

Altars:
Hepliaklqana
Uskayaw

Shops:
D:1 :   D:4 *


Innate Abilities, Weirdness & Mutations

You are a hulking beast.
Your limbs bulge with bestial killing power. (Slay +2)
You are too large for most types of armour.
You have claws for hands.
Your natural rate of healing is unusually fast.
You are covered in fur. (AC +1)
You have tough skin. (AC +1)


Message History

Found a scroll of revelation and a scroll of fear.
Found a potion of heal wounds and a potion of experience.
The orc high priest utters an invocation to Beogh.
The orc high priest mumbles some strange prayers to Beogh against you.
Beogh smites you!
You hear a shout!
You closely miss the orc high priest.
The orc high priest mumbles some strange prayers to Beogh.
You claw the orc high priest! You claw the orc high priest!!
The orc high priest is severely wounded.
An orc knight comes into view. It is wielding a +0 broad axe.
The orc high priest hits you with a +0 war axe!
You claw the orc high priest!
The orc high priest is almost dead.
The red devil barely misses you.
The red devil hits you with a +0 trident.
Barbed spikes become lodged in your body.
The soul eater hits you.
The orc knight roars a battlecry!
The orc high priest goes into a battle-frenzy!
The orc high priest barely misses you.
You scratch the orc high priest.
The orc high priest is almost dead.
The red devil closely misses you. The red devil barely misses you.
The soul eater hits you.
You barely miss the orc high priest.
The orc high priest is almost dead.
The orc high priest hits you with a +0 war axe!
You block the red devil's attack.
The red devil hits you with a +0 trident.
Barbed spikes become lodged in your body.
The soul eater hits you!
You feel drained.
You barely miss the orc high priest.
The orc high priest is almost dead.
The orc high priest closely misses you.
The red devil hits you from afar with a +0 trident!
* * * LOW HITPOINT WARNING * * *
Barbed spikes become lodged in your body.
The red devil hits you with a +0 trident!!
You die...

#################
≈≈≈≈≈≈≈≈≈≈≈≈≈≈≈≈≈
≈≈≈≈≈≈≈≈≈≈≈≈≈≈≈≈≈
≈≈≈≈≈≈≈≈≈≈≈≈≈≈≈≈≈
≈≈≈≈≈≈≈≈≈≈≈≈≈≈≈≈
≈≈≈≈≈≈≈≈≈≈≈≈≈≈≈ ≈≈≈≈
######~~~434~~~~~ ≈≈≈≈≈
#.'......hoo.....
≈≈≈≈≈≈###).######.#####
≈≈≈≈≈≈#....#!?.# .#
≈≈≈≈≈≈#....#!?.# #
≈≈≈≈≈≈#'#'##+###
≈≈≈≈≈≈~.#..#
≈≈≈≈≈≈~.#..#
≈≈≈≈≈≈~.#..#
≈≈≈≈≈≈~.#..#


You could see an orc knight, a soul eater (summoned), an orc high priest
(strong) and 2 red devils.

Vanquished Creatures
  The ghost of cowcow the Cutter, a novice NaFi (D:6)
  Pikel (D:5)
  A yak (D:6)
  A water moccasin (Sewer)
  11 orc warriors
  2 ice beasts
  2 black bears (D:6)
  2 phantoms
  4 ogres
  A bullfrog (D:6)
  A hound (D:6)
  2 jellies (D:6)
  A gnoll bouda (D:5)
  A sleepcap (D:6)
  2 iguanas
  2 orc wizards
  Robin (D:3)
  4 gnolls
  9 adders
  A white imp (D:5)
  3 ufetubi (D:4)
  6 worms
  4 dart slugs
  13 orcs
  10 endoplasms
  2 giant cockroaches
  27 goblins
  9 hobgoblins
  2 jackals (D:1)
  8 quokkas
  9 ball pythons
  9 bats
  4 frilled lizards
  7 kobolds
  21 rats
184 creatures vanquished.

Notes
Turn   | Place    | Note
-------+----------+-------------------------------------------
     0 | D:1      | Dorkslayer the Troll Shapeshifter began the quest for the
                  | Orb.
     0 | D:1      | Reached XP level 1. HP: 18/18 MP: 0/0
   107 | D:1      | Reached XP level 2. HP: 26/26 MP: 1/1
   285 | D:1      | Reached XP level 3. HP: 32/32 MP: 2/2
   366 | D:1      | Reached skill level 4 in Unarmed Combat
   452 | D:1      | Found Wihuw's Book Boutique.
   781 | D:2      | Reached XP level 4. HP: 40/40 MP: 3/3
  1008 | D:3      | Reached skill level 1 in Fighting
  1116 | D:3      | Noticed Robin
  1136 | D:3      | Reached XP level 5. HP: 31/48 MP: 4/4
  1139 | D:3      | Reached skill level 5 in Unarmed Combat
  1153 | D:3      | Killed Robin
  1341 | D:3      | Found a hazy altar of Hepliaklqana.
  1414 | D:3      | Found a faded altar of an unknown god.
  1903 | D:4      | Noticed an ogre
  1919 | D:4      | Killed an ogre
  1920 | D:4      | Reached skill level 1 in Evocations
  1920 | D:4      | Reached XP level 6. HP: 55/55 MP: 5/5
  1948 | D:4      | Noticed a +0 dagger
  1949 | D:4      | Noticed a +0 short sword
  1949 | D:4      | Noticed a +0 falchion
  1949 | D:4      | Noticed a +0 short sword
  1949 | D:4      | Noticed a +0 dagger
  1951 | D:4      | Noticed a +0 falchion
  1951 | D:4      | Noticed a +0 spear
  1952 | D:4      | Noticed a +0 spear
  1966 | D:4      | Found a hide-covered altar of Uskayaw.
  2007 | D:4      | Reached skill level 1 in Stealth
  2038 | D:4      | Reached skill level 1 in Throwing
  2063 | D:4      | Found Powumuig's General Store.
  2344 | D:5      | Entered Level 5 of the Dungeon
  2366 | D:5      | Reached skill level 6 in Unarmed Combat
  2393 | D:5      | Reached XP level 7. HP: 62/62 MP: 6/6
  2450 | D:5      | Found a glowing drain.
  2461 | Sewer    | Entered a sewer
  2804 | D:5      | Noticed Pikel
  2815 | D:5      | Killed Pikel
  2816 | D:5      | Reached skill level 1 in Shields
  2816 | D:5      | Reached skill level 7 in Unarmed Combat
  2816 | D:5      | Reached XP level 8. HP: 70/70 MP: 7/7
  2974 | D:6      | Found a runed translucent gate.
  2974 | D:6      | Found a runed translucent gate.
  2974 | D:6      | Found a runed translucent gate.
  2975 | D:6      | Noticed cowcow's ghost (novice NaFi)
  3079 | D:6      | Identified the +2 ring mail of Distant Worlds {SInv}
  3452 | D:6      | Reached skill level 8 in Unarmed Combat
  3454 | D:6      | Reached XP level 9. HP: 59/79 MP: 8/8
  3627 | D:6      | Killed cowcow's ghost
  3677 | D:7      | Found a flagged portal.
  3703 | Bailey   | Entered a bailey
  3810 | Bailey   | Reached skill level 9 in Unarmed Combat
  4020 | Bailey   | Noticed an orc high priest
  4024 | Bailey   | Noticed a soul eater
  4027 | Bailey   | Noticed a red devil
  4027 | Bailey   | Noticed a red devil
  4027 | Bailey   | Noticed an orc knight
  4031 | Bailey   | Slain by a red devil

Illustrated notes

Levels and vault maps discovered:
D:1:      amcnicky_arrival_choice, layout_basic, serial_shops, shop
D:2:      layout_rooms
D:3:      layout_basic, nicolae_hepliaklqana_hazy_memory,
          hellmonk_ecumenical_altar_pennies_from_heaven,
          grunt_decor_mini_mirrors, minmay_misc_feat_five, minmay_rat_hole,
          uniq_robin
D:4:      layout_rooms, nicolae_uskayaw_en_pointe, serial_shops,
          nicolae_shop_back_alley_shop
D:5:      layout_cave_pools, portal_sewer_entry_d, uniq_pikel
D:6:      layout_loops_ring, gammafunk_ghost_split, grunt_decor_one_mirror
D:7:      layout_rooms, mainiacjoe_overflow_catwalk_spiral, elyvilon_altar_3,
          minmay_temple_entry_ruins, serial_shops, shop, enter_bailey_5,
          chequers_serial_rivers_large_a, uniq_maggie, uniq_duvessa,
          uniq_prince_ribbit1
Bailey:   bailey_axe_of_yendor_kennysheep, bailey

Skill      XL: |  1  2  3  4  5  6  7  8  9 |
---------------+----------------------------+-----
Unarmed Combat | 4 5 6 7 8 9 |  9.3
Dodging        | 2 3 4 |  4.2
Fighting       | 1 2 |  2.3
Evocations     | 1 2 3 |  3.9
Stealth        | 1 |  1.9
Throwing       | 1 3 4 |  4.8
Shields        | 1 2 |  2.1
Shapeshifting  | 4 |  4.3

Action                     |  1- 3 |  4- 6 |  7- 9 || total
---------------------------+-------+-------+-------++-------
  Melee: Unarmed           |    79 |   170 |   179 ||   428
         Punch             |       |     3 |    10 ||    13
  Throw: Dart              |       |     3 |     6 ||     9
  Evoke: Wand              |       |       |     2 ||     2
    Use: Scroll            |     3 |     6 |     4 ||    13
         Potion            |       |       |     2 ||     2
   Stab: Sleeping          |     2 |     2 |     2 ||     6
         Distracted        |     1 |       |       ||     1
 Armour: Animal skin       |    25 |    42 |    34 ||   101
  Dodge: Dodged            |    27 |    71 |    78 ||   176
  Block: Other             |     2 |    22 |    29 ||    53
         Reflection        |       |     4 |       ||     4

Table legend: (Time is in decaauts)
 A = Elapsed time spent in this place.
 B = Non-inter-level travel time spent in this place.
 C = Inter-level travel time spent in this place.
 D = Time resting spent in this place.
 E = Time spent auto-exploring this place.
 F = Levels seen in this place.
 G = Mean time per level.
                   A        B        C        D        E       F      G
               +--------+--------+--------+--------+--------+-----+--------+
         Total |   3962 |   3962 |      0 |     73 |    898 |   9 |  440.2 |
       Dungeon |   3539 |   3539 |      0 |      0 |    846 |   7 |  505.6 |
         Sewer |    104 |    104 |      0 |      0 |      0 |   1 |  104.0 |
        Bailey |    318 |    318 |      0 |     73 |     52 |   1 |  318.0 |
               +--------+--------+--------+--------+--------+-----+--------+

Top non-repeatable levels by time:
     D:3: 866 daAuts
     D:6: 699 daAuts
     D:1: 548 daAuts
     D:5: 493 daAuts
     D:4: 464 daAuts
     D:2: 443 daAuts
  Bailey: 318 daAuts
   Sewer: 104 daAuts
     D:7: 25 daAuts
